 Dungeon Crawl Stone Soup version 0.27-a0-1193-g8631133539 (webtiles) character file.

Game seed: 7409429100502849694

1353 Strat the Digger (level 8, -1/60 HPs)
             Began as a Mummy Earth Elementalist on May 26, 2021.
             Slain by a killer bee zombie (3 damage)
             ... on level 5 of the Dungeon.
             The game lasted 00:20:26 (8386 turns).

Strat the Digger (Mummy Earth Elementalist)         Turns: 8386, Time: 00:20:27

Health: -1/60      AC:  4    Str: 12    XL:     8   Next: 37%
Magic:  1/15       EV: 12    Int: 16    God:
Gold:   253        SH:  0    Dex: 12    Spells: 6/17 levels left

rFire    x . .     SeeInvis .   b - +1 dagger (elec)
rCold    + . .     Faith    .   (no shield)
rNeg     + + +     Spirit   .   c - +0 robe
rPois    ∞         Reflect  .   (no helmet)
rElec    .         Harm     .   f - +0 cloak
rCorr    .         Rampage  .   (no gloves)
Will     +....                  i - +0 pair of boots
Stlth    ++........             (no amulet)
HPRegen  0.20/turn              (no ring)
MPRegen  0.14/turn              (no ring)

@: very slightly contaminated
A: cold resistance 1, negative energy resistance 3, torment resistance 2, heat
vulnerability 1, no potions
a: no special abilities


You were on level 5 of the Dungeon.
You visited 1 branch of the dungeon, and saw 5 of its levels.

You collected 253 gold pieces.

Inventory:

Hand Weapons
 a - a +0 dagger of venom
 b - a +1 dagger of electrocution (weapon)
 n - a +0 whip of electrocution
Missiles
 d - 32 poisoned darts (quivered)
 h - a throwing net
 l - 119 stones
Armour
 c - a +0 robe (worn)
 f - a +0 cloak (worn)
 i - a +0 pair of boots (worn)
Wands
 j - a wand of acid (4)
Scrolls
 e - a scroll of fear
 g - 2 scrolls of identify
 k - a scroll of blinking
 m - 3 scrolls of fog


   Skills:
 + Level 3.9 Fighting
 - Level 1.5 Dodging
 - Level 1.5 Stealth
 - Level 5.0 Spellcasting
 - Level 3.0 Conjurations
 - Level 0.7 Transmutations
 + Level 7.0 Earth Magic


You had 6 spell levels left.
You knew the following spells:

 Your Spells              Type           Power      Damage    Failure   Level
a - Sandblast             Erth           52%        2d12      1%          1
b - Stone Arrow           Conj/Erth      40%        3d9       6%          3
c - Apportation           Tloc           8%         N/A       16%         1
d - Animate Skeleton      Necr           8%         N/A       16%         1
e - Lee's Rapid Deconstr  Erth           13%        3d10*     24%         5

Your spell library contained the following spells:

 Spells                   Type           Power      Damage    Failure   Level
 Passwall                 Tmut/Erth      13%        N/A       4%          2
 Corona                   Hex            4%         N/A       16%         1
 Summon Small Mammal      Summ           16%        N/A       16%         1
 Ensorcelled Hibernation  Hex/Ice        8%         N/A       22%         2
 Dazzling Flash           Conj/Hex       16%        N/A       24%         3
 Petrify                  Tmut/Erth      16%        N/A       30%         4
 Confusing Touch          Hex            4%         N/A       41%         3
 Tukima's Dance           Hex            4%         N/A       41%         3


Dungeon Overview and Level Annotations

Branches:
Dungeon (5/15)
 Temple: D:4-7

Altars:

Annotations:
D:5 2 transporters, mandarbmax's ghost, novice OpVM


Innate Abilities, Weirdness & Mutations

You are immune to poison.
Your flesh is cold resistant. (rC+)
You are immune to negative energy. (rN+++)
You are immune to unholy pain and torment.
You are vulnerable to heat. (rF-)
You do not drink.


Message History

* * * LOW MAGIC WARNING * * *
The killer bee zombie barely misses you.
Your Earth Magic skill increases to level 7!
Casting: Stone Arrow (dangerous; 6% risk of failure)
Confirm with . or Enter, or press ? or * to list all spells.
Aiming: Stone Arrow (dangerous; 6% risk of failure)
Press: ? - help, Shift-Dir - straight line, f - killer bee zombie
Aim: a killer bee zombie (severely damaged, 60% to hit)
You miscast Stone Arrow.
You are very lightly contaminated with residual magic.
Nothing appears to happen.
* * * LOW MAGIC WARNING * * *
The killer bee zombie hits you.
* * * LOW HITPOINT WARNING * * *
The killer bee zombie hits you.
* * * LOW HITPOINT WARNING * * *
Casting: Stone Arrow (dangerous; 6% risk of failure)
Confirm with . or Enter, or press ? or * to list all spells.
Aiming: Stone Arrow (dangerous; 6% risk of failure)
Press: ? - help, Shift-Dir - straight line, f/p - killer bee zombie
Aim: a killer bee zombie (severely damaged, 60% to hit)
The stone arrow misses the killer bee zombie.
* * * LOW MAGIC WARNING * * *
The killer bee zombie hits you.
* * * LOW HITPOINT WARNING * * *
The killer bee zombie hits you.
* * * LOW HITPOINT WARNING * * *
You hit the killer bee zombie.
The killer bee zombie is almost destroyed.
The killer bee zombie hits you.
* * * LOW HITPOINT WARNING * * *
You can't drink.
The killer bee zombie closely misses you.
The killer bee zombie hits you.
* * * LOW HITPOINT WARNING * * *
Blink to where?
Press: ? - help, Dir - move target, p - killer bee zombie
Okay, then.
The killer bee zombie hits you.
You die...

##...## #.#.# #.#
##'## #.#.###.# #
#.# #.......# #
#.# ###.#####
###.## #.# ##...##
#.# .g....## #.#
##...#.## #.#
....#...########@#
#..g..#.)..)†..Z.#
........#.########
#...Z###.##
#...#.#.##
..)Z.#.## ..#..###
###..# ##########
###..# #........#


You could see a killer bee zombie.

Vanquished Creatures
  A water moccasin (D:5)
  A black bear (D:4)
  2 orc warriors
  2 ogres
  5 scorpions
  A howler monkey (D:5)
  A bullfrog zombie (D:5)
  2 hounds (D:5)
  A gnoll shaman (D:4)
  A jelly (D:5)
  An iguana (D:5)
  9 gnolls
  7 adders
  A shadow imp (D:5)
  A white imp (D:5)
  2 worms
  4 dart slugs
  13 orcs
  8 endoplasms
  2 giant cockroaches (D:1)
  11 goblins
  10 hobgoblins
  7 jackals
  11 kobolds
  A quokka (D:1)
  8 ball pythons
  5 bats
  2 frilled lizards
  6 rats
126 creatures vanquished.

Vanquished Creatures (others)
  5 plants (D:5)
5 creatures vanquished.

Grand Total: 131 creatures vanquished

Notes
Turn   | Place    | Note
-------+----------+-------------------------------------------
     0 | D:1      | Strat the Mummy Earth Elementalist began the quest for the
                  | Orb.
     0 | D:1      | Reached XP level 1. HP: 13/13 MP: 4/4
   257 | D:1      | Reached skill level 3 in Earth Magic
   257 | D:1      | Reached XP level 2. HP: 19/19 MP: 3/5
   395 | D:1      | Found a faded altar of an unknown god.
   996 | D:2      | Reached XP level 3. HP: 24/24 MP: 1/7
  1350 | D:2      | Learned a level 3 spell: Stone Arrow
  1717 | D:2      | HP: 1/24 [worm (10)]
  2150 | D:2      | Reached skill level 4 in Earth Magic
  2518 | D:2      | Reached XP level 4. HP: 17/30 MP: 5/8
  2641 | D:2      | Learned a level 1 spell: Apportation
  2988 | D:3      | Noticed a water moccasin
  3671 | D:4      | Noticed a scorpion
  3678 | D:4      | Learned a level 1 spell: Animate Skeleton
  3785 | D:4      | Reached skill level 1 in Conjurations
  4227 | D:4      | Noticed an orc warrior
  4356 | D:4      | Noticed an ogre
  4588 | D:4      | Killed an ogre
  4589 | D:4      | Reached XP level 5. HP: 35/35 MP: 1/9
  4701 | D:4      | Noticed a black bear
  4859 | D:4      | Killed a black bear
  4860 | D:4      | Reached XP level 6. HP: 41/41 MP: 6/10
  4952 | D:4      | Reached skill level 5 in Earth Magic
  5556 | D:5      | Entered Level 5 of the Dungeon
  5556 | D:5      | Noticed an orc warrior
  6023 | D:4      | Killed an orc warrior
  6024 | D:4      | Reached XP level 7. HP: 46/46 MP: 3/11
  6101 | D:4      | Reached skill level 6 in Earth Magic
  6317 | D:5      | Reached skill level 1 in Fighting
  6663 | D:5      | Noticed a troll
  6861 | D:5      | Found a transporter.
  6863 | D:5      | Found a transporter.
  6863 | D:5      | Noticed mandarbmax's ghost (novice OpVM)
  7530 | D:5      | Reached XP level 8. HP: 57/57 MP: 10/14
  7564 | D:5      | Learned a level 5 spell: Lee's Rapid Deconstruction
  8040 | D:5      | Identified the +5 quarterstaff "Nipom" {holy, rN++}
  8286 | D:5      | Reached skill level 5 in Spellcasting
  8381 | D:5      | Reached skill level 7 in Earth Magic
  8385 | D:5      | HP: 2/60 [killer bee zombie (4)]
  8386 | D:5      | Slain by a killer bee zombie

Illustrated notes

Levels and vault maps discovered:
D:1:      amcnicky_arrival_single_pillar, layout_loops_ring,
          ebering_ecumenical_altar_mist
D:2:      layout_basic, kennysheep_generic_room_9
D:3:      layout_basic, dk_vineyard_2
D:4:      layout_gridville
D:5:      corexii_shantytown, layout_loops_corners, lightli_sewer_entry_pipes,
          gammafunk_ghost_arena, nzn_random_ring

Skill      XL: |  1  2  3  4  5  6  7  8 |
---------------+-------------------------+-----
Earth Magic    | 3 4 5 6 7 |  7.0
Conjurations   | 2 3 |  3.0
Fighting       | 2 3 |  3.9
Spellcasting   | 4 5 |  5.0
Dodging        | |  1.5
Stealth        | |  1.5
Transmutations | |  0.7

Action                   |  1- 3 |  4- 6 |  7- 9 || total
-------------------------+-------+-------+-------++-------
Melee: Club              |    63 |    16 |       ||    79
       Dagger            |       |    58 |   142 ||   200
       Whip              |       |    35 |       ||    35
Throw: Dart              |       |    11 |     9 ||    20
       Throwing net      |       |     2 |     1 ||     3
 Cast: Sandblast         |    52 |    38 |    12 ||   102
       Stone Arrow       |     1 |     9 |    18 ||    28
Evoke: Wand              |       |       |     2 ||     2
  Use: Scroll            |       |     9 |     2 ||    11
 Stab: Sleeping          |     2 |       |     2 ||     4
Armor: Robe              |    15 |    26 |    30 ||    71
Dodge: Dodged            |    49 |    85 |   113 ||   247

Table legend: (Time is in decaauts)
 A = Elapsed time spent in this place.
 B = Non-inter-level travel time spent in this place.
 C = Inter-level travel time spent in this place.
 D = Time resting spent in this place.
 E = Time spent auto-exploring this place.
 F = Levels seen in this place.
 G = Mean time per level.
                   A        B        C        D        E       F      G
               +--------+--------+--------+--------+--------+-----+--------+
         Total |   8412 |   8252 |    160 |   3575 |   2753 |   5 | 1682.4 |
       Dungeon |   8412 |   8252 |    160 |   3575 |   2753 |   5 | 1682.4 |
               +--------+--------+--------+--------+--------+-----+--------+

Top non-repeatable levels by time:
     D:5: 2412 daAuts
     D:4: 2400 daAuts
     D:2: 1707 daAuts
     D:1: 1242 daAuts
     D:3: 650 daAuts
